 Dungeon Crawl Stone Soup version 0.20-a0-795-ga03948b (webtiles) character file.

5914 pisechka the Cleaver (level 10, -6/139 HPs)
             Began as a Minotaur Berserker on Mar 2, 2017.
             Was a High Priest of Trog.
             Shot with a sling bullet by Joseph (8 damage)
             ... on level 7 of the Dungeon.
             The game lasted 00:39:25 (7616 turns).

pisechka the Cleaver (Minotaur Berserker)           Turns: 7616, Time: 00:39:26

Health: -6/139     AC: 15    Str: 28    XL:     10   Next: 53%
Magic:  9/9        EV: 15    Int:  4    God:    Trog [*****.]
Gold:   237        SH:  0    Dex: 12    Spells: 9/9 levels left

rFire    . . .     SeeInvis .   D - +0 war axe (flame)
rCold    . . .     Gourm    .   x - +0 plate armour
rNeg     . . .     Faith    .   (no shield)
rPois    .         Spirit   .   (helmet restricted)
rElec    .         Reflect  .   q - +0 cloak
rCorr    .         Harm     .   (no gloves)
MR       .....                  (no boots)
Stlth    ..........             (no amulet)
Regen    0.4/turn               B - +3 ring of evasion
MPRegen  0.2/turn               s - ring of stealth

@: berserking (expiring), very quick
A: retaliatory headbutt, horns 2
a: Berserk, Trog's Hand, Brothers in Arms, Burn Spellbooks, Renounce Religion


You were on level 7 of the Dungeon.
You worshipped Trog.
Trog was extremely pleased with you.
You were hungry.

You visited 1 branch of the dungeon, and saw 7 of its levels.

You collected 237 gold pieces.

Inventory:

Hand Weapons
 D - a +0 war axe of flaming (weapon)
Armour
 q - a +0 cloak (worn)
 x - a +0 plate armour (worn)
Jewellery
 s - a ring of stealth (left hand)
 B - a +3 ring of evasion (right hand)
Wands
 f - a wand of iceblast (10/15)
 t - a wand of flame (26/48)
 E - a wand of enslavement (19/24)
 F - a wand of lightning (10/15)
Scrolls
 d - 2 scrolls of enchant armour
 e - a scroll of identify
 l - 3 scrolls of remove curse
 o - a scroll of teleportation
 C - a scroll of enchant weapon
Potions
 b - a potion of cancellation
 g - a potion of ambrosia
 h - 4 potions of flight
 j - 5 potions of curing
 m - 2 potions of resistance
 n - a potion of heal wounds
 p - a potion of magic
 r - 2 potions of brilliance
 u - a potion of berserk rage
 v - a potion of mutation
 A - a potion of lignification
Comestibles
 a - 12 fruits
 c - 3 bread rations
 i - 6 meat rations
 z - 2 royal jellies


   Skills:
 + Level 10.1 Fighting
 + Level 10.2 Axes
 + Level 9.8 Armour
 + Level 9.0 Dodging


You had 9 spell levels left.
You didn't know any spells.

Dungeon Overview and Level Annotations

Branches:
Dungeon (7/15)             Temple (0/1) D:5

Altars:
Cheibriados
Dithmenos
Hepliaklqana
Kikubaaqudgha
Sif Muna
Vehumet
Yredelemnul

Shops:
D:4 [

Annotations:
D:7 Dowan, Duvessa, Joseph


Innate Abilities, Weirdness & Mutations

You reflexively headbutt those who attack you in melee.
You have a pair of horns on your head.


Message History

You barely miss the orc knight. You headbutt the orc knight.
The orc knight is heavily wounded.
Joseph shoots a sling bullet.
The sling bullet barely misses you.
You hit the orc knight but do no damage.
You headbutt the orc knight, but do no damage.
The orc knight is heavily wounded.
You slash the orc! You burn the orc.
You kill the orc!
Trog accepts your kill.
You hear a splash.
The orc knight hits you with a great sword.
* * * LOW HITPOINT WARNING * * *
You slash the orc knight! You burn the orc knight.
The orc knight is severely wounded.
You cut the orc knight into ribbons!!! You burn the orc knight.
You kill the orc knight!
Trog accepts your kill.
Your Dodging skill increases to level 9!
Joseph shoots a sling bullet.
The sling bullet hits you!
You die...

#....###.....#.>..#
#...####....(######
#...[..#.....####
##...)...........#
#.......(...####..#
....#####...).# .# ####
#.)[### #
############..)#######.##
..P.............@).......
.≈≈≈≈≈≈≈≈≈≈≈≈≈≈≈≈[≈≈....≈
.≈≈≈≈≈≈≈≈≈≈≈≈≈≈≈≈≈≈≈..$.≈
.≈≈#####≈≈≈≈≈≈≈≈@≈≈≈....≈
.≈≈#o@.#.................
.≈≈#...#############''''#
P≈≈###+# ....# .≈≈≈.#
....' .≈≈≈.# ...


You could see Joseph.

Vanquished Creatures
  The ghost of Alarkh the Carver, a novice DsMo of Okawaru (D:5)
  An orc knight (D:7)
  A hippogriff (D:7)
  14 wargs (D:7)
  A black bear (D:7)
  7 orc warriors
  2 ice beasts
  2 phantoms (D:6)
  An ogre (D:7)
  A centaur (D:5)
  A crocodile (D:7)
  Blork the orc (D:4)
  6 bullfrogs
  A scorpion (D:6)
  3 wights (D:7)
  5 howler monkeys
  3 crimson imps
  2 orc priests (D:4)
  A centaur zombie (D:5)
  A bullfrog skeleton (D:4)
  A hound (D:5)
  A gnoll shaman (D:6)
  7 orc wizards
  6 worker ants
  A hound skeleton (D:5)
  A worker ant zombie (D:5)
  8 gnolls
  9 adders
  3 shadow imps (D:5)
  An adder skeleton (D:6)
  4 worms
  5 dart slugs
  8 leopard geckos
  39 orcs
  2 giant cockroaches (D:4)
  9 goblins
  8 hobgoblins
  9 jackals
  3 quokkas
  9 bats
  A frilled lizard (D:1)
  6 kobolds
  2 leopard gecko skeletons
  10 rats
208 creatures vanquished.

Vanquished Creatures (others)
  An orc (D:7)
1 creature vanquished.

Grand Total: 209 creatures vanquished

Notes
Turn   | Place    | Note
-------+----------+-------------------------------------------
     0 | D:1      | pisechka the Minotaur Berserker began the quest for the Orb.
     0 | D:1      | Reached XP level 1. HP: 19/19 MP: 0/0
   280 | D:1      | Reached XP level 2. HP: 25/27 MP: 1/1
   825 | D:1      | Reached XP level 3. HP: 25/33 MP: 2/2
   950 | D:1      | Reached ** piety under Trog
  1668 | D:2      | Found an ancient bone altar of Kikubaaqudgha.
  1705 | D:2      | Reached XP level 4. HP: 40/40 MP: 3/3
  1988 | D:3      | Found a basalt altar of Yredelemnul.
  2201 | D:3      | Found a faded altar of an unknown god.
  2348 | D:3      | Found a hazy altar of Hepliaklqana.
  2494 | D:3      | Reached XP level 5. HP: 45/47 MP: 4/4
  2617 | D:4      | Noticed Blork the orc
  2654 | D:4      | Reached skill level 5 in Axes
  2666 | D:4      | Found Qastov's Armour Emporium.
  2694 | D:4      | Reached skill level 5 in Fighting
  2714 | D:4      | Found a radiant altar of Vehumet.
  2722 | D:4      | Killed Blork the orc
  2722 | D:4      | Reached XP level 6. HP: 35/56 MP: 5/5
  3187 | D:4      | Noticed an orc warrior
  3190 | D:4      | Reached *** piety under Trog
  3197 | D:4      | Killed an orc warrior
  3338 | D:4      | Reached XP level 7. HP: 51/61 MP: 6/6
  3681 | D:4      | Reached skill level 5 in Armour
  3963 | D:5      | Entered Level 5 of the Dungeon
  4182 | D:5      | Reached skill level 5 in Dodging
  4194 | D:5      | Noticed Alarkh's ghost (novice DsMo)
  4208 | D:5      | HP: 3/93 [Alarkh's ghost (12)]
  4211 | D:5      | Killed Alarkh's ghost
  4211 | D:5      | Reached XP level 8. HP: 4/71 MP: 7/7
  4219 | D:5      | HP: 1/71 [something/puff of flame (4)]
  4233 | D:5      | Found a staircase to the Ecumenical Temple.
  5292 | D:5      | Reached **** piety under Trog
  5346 | D:5      | Found a snail-covered altar of Cheibriados.
  5766 | D:6      | Reached XP level 9. HP: 71/81 MP: 8/8
  6185 | D:6      | Found a shadowy altar of Dithmenos.
  6377 | D:7      | Found a sand-covered staircase.
  6418 | D:7      | Found a deep blue altar of Sif Muna.
  6915 | D:7      | Reached ***** piety under Trog
  6952 | D:7      | Noticed Joseph
  7003 | D:7      | Reached XP level 10. HP: 80/91 MP: 9/9
  7376 | D:7      | Noticed an orc knight
  7376 | D:7      | Noticed an orc sorcerer
  7376 | D:7      | Noticed Dowan
  7376 | D:7      | Noticed Duvessa
  7457 | D:7      | Reached skill level 10 in Axes
  7604 | D:7      | Reached skill level 10 in Fighting
  7612 | D:7      | HP: 4/139 [orc knight/great sword (9)]
  7616 | D:7      | Killed an orc knight
  7616 | D:7      | Shot with a sling bullet by Joseph

Vault maps used:
D:1:      eino_arrival_cavern_b, serial_forest, infiniplex_forest_lined_4_way,
          infiniplex_forest_corner_1, infiniplex_forest_lined_ring,
          infiniplex_forest_diagonal, infiniplex_forest_3_way,
          hangedman_decor_clover_reticule
D:2:      kiku_gazebo_pond_becter, serial_corexii_hall, corexii_hall_statues_i,
          corexii_hall_statues_t, corexii_hall_statues_s,
          corexii_hall_statues_i, corexii_hall_statues_i, corexii_hall_statues_t
D:3:      overflow_temple_1_default, lemuel_doored_altar,
          chequers_ecumenical_altar_grove, serial_bayou_crossing
D:4:      lemuel_coloured_pillars_altar, serial_shops, nicolae_shop_crystal,
          first_bread, uniq_blork_the_orc
D:5:      kennysheep_slug_shrine, temple_pool_b, hangedman_abyss_or_decor_passed
D:6:      grunt_dithmenos_shadows
D:7:      lemuel_castle_with_subvaults, kennysheep_little_box,
          marbit_many_paths, enter_ossuary_2, uniq_duvessa, uniq_joseph

Skill      XL: |  1  2  3  4  5  6  7  8  9 10 |
---------------+-------------------------------+-----
Fighting       | 4 5 6 7 9 10 | 10.1
Axes           | 4 5 7 9 10 | 10.2
Dodging        | 3 4 6 8 9 |  9.0
Armour         | 3 4 6 7 9 |  9.8

Action                   |  1- 3 |  4- 6 |  7- 9 | 10-12 || total
-------------------------+-------+-------+-------+-------++-------
Melee: Hand axe          |    68 |       |       |       ||    68
       Headbutt          |     7 |    22 |    51 |    20 ||   100
       Broad axe         |    10 |   103 |    95 |       ||   208
       War axe           |       |       |   137 |    83 ||   220
Invok: Berserk           |     1 |     2 |     5 |     2 ||    10
Evoke: Wand              |       |       |     2 |       ||     2
  Use: Scroll            |     4 |     5 |     6 |     4 ||    19
       Potion            |       |       |     3 |     4 ||     7
  Eat: Chunk             |     1 |     4 |     6 |     1 ||    12
       Royal jelly       |     1 |     1 |     3 |     1 ||     6
       Fruit             |       |     1 |       |     1 ||     2
       Bread ration      |       |     1 |       |       ||     1
Armor: Animal skin       |     7 |       |       |       ||     7
       Ring mail         |    15 |    48 |    53 |       ||   116
       Plate armour      |       |       |    87 |    26 ||   113
Dodge: Dodged            |    50 |    68 |   167 |    58 ||   343
